 Dungeon Crawl Stone Soup version 0.28-a0-1404-g4df0f3684d (webtiles) character file.

Game seed: 5784000156984900380

13503 SensoryNuts the Carver (level 11, -4/136 HPs)
             Began as a Demonspawn Fighter on Jan 5, 2022.
             Was an Initiate of Gozag.
             Slain by an orc warrior (8 damage)
             ... on level 2 of the Orcish Mines.
             The game lasted 00:22:31 (16792 turns).

SensoryNuts the Carver (Demonspawn Fighter)        Turns: 16792, Time: 00:22:32

Health: -4/136     AC: 25    Str: 22    XL:     11   Next: 76%
Magic:  11/11      EV:  2    Int: 15    God:    Gozag
Gold:   750        SH:  5    Dex: 12    Spells: 10/10 levels left

rFire   + . .      SeeInvis .   l - +7 scimitar
rCold   + . .      Faith    .   c - +0 buckler
rNeg    . . .      Spirit   .   (armour currently unavailable)
rPois   +          Reflect  .   (helmet currently unavailable)
rElec   +          Harm     .   (cloak currently unavailable)
rCorr   +          Rampage  .   (gloves currently unavailable)
Will    .....      NoTele   +   (boots currently unavailable)
Stlth   +.........              (no amulet)
HPRegen 0.32/turn               e - +4 ring of evasion
MPRegen 0.12/turn               i - +6 ring of intelligence

@: mighty, lethally poisoned (-4 -> -11), tree-form, silenced, resistant, gold
aura
A: stationary, stasis, torment immunity, boosted hp, rugged brown scales 2, foul
stench 2, icemail 1, condensation shield, (demonic touch 1)
a: End Transformation, Renounce Religion


You were on level 2 of the Orcish Mines.
You worshipped Gozag.
Gozag was pleased with you.
You were a tree.
You visited 3 branches of the dungeon, and saw 13 of its levels.

You collected 3010 gold pieces.
You spent 1073 gold pieces at shops.
You paid 1187 gold pieces to Gozag.

Inventory:

Hand Weapons
 a - a +1 long sword
 l - a +7 scimitar (weapon)
 w - a -3 demon blade
Armour
 b - a +0 scale mail
 c - a +0 buckler (worn)
 h - a +2 pair of gloves (melded)
 q - a +1 plate armour (melded)
 B - -3 gold dragon scales
Jewellery
 e - a +4 ring of evasion (left branch)
 i - a +6 ring of intelligence (right branch)
 m - a ring of positive energy
 o - a ring of willpower
 v - a ring of ice
 D - a ring of positive energy
Wands
 j - a wand of flame (18) (quivered)
 t - a wand of mindburst (10)
Scrolls
 d - a scroll of amnesia
 g - 4 scrolls of teleportation
 p - 2 scrolls of vulnerability
 s - a scroll of silence
 u - a scroll of fog
 x - 3 scrolls of immolation
Potions
 f - 2 potions of degeneration
 k - 2 potions of ambrosia
 z - 2 potions of brilliance
 C - a potion of might


   Skills:
 + Level 8.5 Fighting
 + Level 11.1 Long Blades
 + Level 8.6 Armour
 + Level 3.8 Dodging
 + Level 2.5 Stealth
 + Level 7.6 Shields
 + Level 0.1 Evocations


You had 10 spell levels left.
You didn't know any spells.
Your spell library contained the following spells:

 Spells                   Type           Power      Damage    Failure   Level
 Beastly Appendage        Tmut           0%         N/A       32%         1
 Blink                    Tloc           0%         N/A       45%         2
 Corpse Rot               Necr/Air       0%         N/A       45%         2
 Poisonous Vapours        Pois/Air       0%         N/A       45%         2
 Scorch                   Fire           0%         2d5       45%         2
 Sublimation of Blood     Necr           0%         N/A       45%         2
 Wereblood                Tmut           0%         N/A       45%         2
 Call Canine Familiar     Summ           0%         N/A       69%         3
 Portal Projectile        Hex/Tloc       0%         N/A       69%         3
 Spider Form              Tmut/Pois      0%         N/A       69%         3
 Ice Form                 Ice/Tmut       0%         N/A       97%         4
 Leda's Liquefaction      Hex/Erth       0%         N/A       97%         4
 Petrify                  Tmut/Erth      0%         N/A       97%         4
 Summon Ice Beast         Ice/Summ       0%         N/A       97%         4
 Irradiate                Conj/Tmut      0%         3d13      100%        5
 Manifold Assault         Tloc           0%         N/A       100%        5
 Summon Mana Viper        Hex/Summ       0%         N/A       100%        5
 Statue Form              Tmut/Erth      0%         N/A       100%        6
 Monstrous Menagerie      Summ           0%         N/A       100%        7
 Storm Form               Tmut/Air       0%         N/A       100%        7


Dungeon Overview and Level Annotations

Branches:
Dungeon (10/15)            Temple (1/1) D:5             Orc (2/2) D:10
    Elf (0/3) Orc:2
   Lair: D:8-11

Altars:
Ashenzari
Cheibriados
Dithmenos
Elyvilon
Fedhas
Gozag
Hepliaklqana
Kikubaaqudgha
Makhleb
Nemelex Xobeh
Okawaru
Qazlal
Ru
Sif Muna
Trog
Uskayaw
Vehumet
Wu Jian
Xom
Yredelemnul
Zin
The Shining One
Beogh

Shops:
D:7 ?   D:10 *


Innate Abilities, Weirdness & Mutations

You are a tree.
Your roots penetrate the ground, keeping you stationary.
You cannot be teleported.
You are immune to unholy pain and torment.
Your maximum health is greatly increased.
Your equipment is partially melded.
(You are mostly covered in rugged brown scales. (AC +2, +5% HP))
You sometimes emit foul miasma when damaged in melee.
A meltable icy envelope protects you from harm. (AC +0)
A meltable shield of frost defends you. (SH +0)
((Your touch may inflict minor irresistible damage on your foes.))


Message History

You feel sick. You block the orc warrior's attack.
Something hits you but does no damage.
The ogre hits you with a +0 giant spiked club.
* * * LOW HITPOINT WARNING * * *
You barely miss the ogre.
The ogre is moderately wounded.
You feel sick. You block the orc warrior's attack.
Something hits you but does no damage.
You slash the ogre!
The ogre is severely wounded.
You feel sick.
The orc priest hits you but does no damage.
The ogre barely misses you.
The orc warrior hits you but does no damage.
Something hits you.
* * * LOW HITPOINT WARNING * * *
You slash the ogre!
You kill the ogre!
You feel sick.
The orc warrior hits you but does no damage.
You are more poisoned.
You block something's attack.
Unknown command.
Okay, then.
Okay, then.
Okay, then.
You slash the orc priest!
The orc priest is heavily wounded.
You feel sick. The orc priest hits you with a +0 club.
* * * LOW HITPOINT WARNING * * *
The orc warrior hits you from afar with a +2 trident of venom!
* * * LOW HITPOINT WARNING * * *
You barely miss the orc priest.
The orc priest is heavily wounded.
* * * LOW HITPOINT WARNING * * *
You feel sick. Something hits you but does no damage.
You block the orc priest's attack.
The orc warrior hits you from afar with a +2 trident of venom!
You die...
Your body crumbles into a pile of gold.

##..... #..# ...........##
. ............# ### ..
#.....##...# ##.##
...##.....##...# ###....
...............# ##......
...............# #.......
........$......######...#.
#......o.♣......##.....###
.#......$o.....#......#.##
..#.............##....####
$
...............##.....#.##
...........#.#####........
...............###....)[..
................#.#.#)....
.............#........)...
.........#....#.##.#..


You could see an orc warrior and an orc priest.

Vanquished Creatures
  2 two-headed ogres
  2 orc knights
  2 orc sorcerers
  An unseen horror (D:10)
  A troll (Orc:1)
  A dream sheep (D:9)
  14 yaks
  2 shadows (D:10)
  A wyvern (D:8)
  A steam dragon (D:8)
  A wraith (D:9)
  Grum (D:10)
  An acid dragon (D:10)
  2 wargs
  2 water moccasins
  3 sky beasts
  A necrophage (D:5)
  16 orc warriors
  3 black bears
  6 ogres
  3 wolves (D:10)
  4 centaurs
  2 phantoms
  3 kobold brigands
  2 bullfrogs
  A gnoll sergeant (D:5)
  2 scorpions (Temple)
  A water moccasin zombie (D:5)
  10 killer bees
  2 troll zombies (D:10)
  5 wights (D:5)
  4 howler monkeys
  5 centaur zombies
  A jelly (D:6)
  A hound (D:5)
  16 orc priests
  A centaur skeleton (D:6)
  2 iguanas
  10 orc wizards
  4 ogre zombies (D:10)
  A hound skeleton (D:5)
  A howler monkey zombie (D:6)
  11 gnolls
  9 adders
  2 shadow imps
  2 white imps
  An ufetubus (D:5)
  A worm (D:4)
  A dart slug (D:1)
  67 orcs
  7 ball pythons
  6 endoplasms
  A giant cockroach (D:4)
  10 goblins
  6 hobgoblins
  30 kobolds
  5 quokkas
  5 bats
  5 frilled lizards
  2 goblin zombies (D:10)
  A hobgoblin zombie (D:10)
  4 orc skeletons (D:10)
  12 orc zombies (D:10)
  3 rats
335 creatures vanquished.

Vanquished Creatures (others)
  An orc (Orc:2)
1 creature vanquished.

Grand Total: 336 creatures vanquished

Notes
Turn   | Place    | Note
-------+----------+-------------------------------------------
     0 | D:1      | SensoryNuts the Demonspawn Fighter began the quest for the
                  | Orb.
     0 | D:1      | Reached XP level 1. HP: 18/18 MP: 1/1
   287 | D:1      | Gained mutation: A meltable shield of frost defends you.
                  | (SH +0) [demonic ancestry]
   287 | D:1      | Reached XP level 2. HP: 10/24 MP: 2/2
   896 | D:1      | Reached skill level 2 in Long Blades
   909 | D:1      | Reached XP level 3. HP: 29/29 MP: 3/3
  1756 | D:2      | Found an iron altar of Okawaru.
  1757 | D:2      | Found a faded altar of an unknown god.
  2435 | D:3      | Gained mutation: You are partially covered in rugged brown
                  | scales. (AC +1, +3% HP) [demonic ancestry]
  2435 | D:3      | Reached XP level 4. HP: 24/36 MP: 4/4
  2792 | D:3      | Noticed a black bear
  2802 | D:3      | Killed a black bear
  2803 | D:3      | Reached skill level 3 in Long Blades
  2803 | D:3      | Reached skill level 1 in Dodging
  2803 | D:3      | Gained mutation: You are mostly covered in rugged brown
                  | scales. (AC +2, +5% HP) [demonic ancestry]
  2803 | D:3      | Reached XP level 5. HP: 27/43 MP: 5/5
  3711 | D:4      | Noticed a black bear
  3718 | D:4      | Killed a black bear
  3719 | D:4      | Reached XP level 6. HP: 47/50 MP: 6/6
  3938 | D:4      | Found a hazy altar of Hepliaklqana.
  3984 | D:4      | Reached skill level 4 in Long Blades
  4464 | D:4      | Found a burning altar of Makhleb.
  4473 | D:4      | Reached XP level 7. HP: 41/55 MP: 7/7
  4894 | D:5      | Entered Level 5 of the Dungeon
  4924 | D:5      | Found a staircase to the Ecumenical Temple.
  4941 | Temple   | Entered the Ecumenical Temple
  4964 | Temple   | HP: 1/56 [white imp/puff of frost (10)]
  5304 | Temple   | Became a worshipper of Gozag Ym Sagoz the Greedy
  5478 | D:5      | Reached skill level 5 in Long Blades
  5478 | D:5      | Reached skill level 5 in Armour
  5643 | D:5      | Found a broken altar of Ashenzari.
  6115 | D:5      | Found an ornate altar of the Wu Jian Council.
  6155 | D:5      | Found a sacrificial altar of Ru.
  6274 | D:5      | Found a shimmering blue altar of Sif Muna.
  6368 | D:6      | Gained mutation: Your touch may inflict minor irresistible
                  | damage on your foes. [demonic ancestry]
  6368 | D:6      | Reached XP level 8. HP: 64/64 MP: 8/8
  6489 | D:5      | Reached skill level 1 in Stealth
  6912 | D:5      | Reached skill level 5 in Fighting
  6912 | D:5      | Reached skill level 6 in Long Blades
  7800 | D:6      | Gained mutation: You may rarely emit foul miasma when
                  | damaged in melee. [demonic ancestry]
  7800 | D:6      | Reached XP level 9. HP: 71/71 MP: 9/9
  7912 | D:6      | Reached skill level 7 in Long Blades
  8353 | D:7      | Reached skill level 5 in Shields
  8994 | D:7      | Found Wek Wuon's Magic Scroll Boutique.
  8997 | D:7      | Bought a scroll of enchant weapon for 90 gold pieces
  8997 | D:7      | Bought a scroll of identify for 24 gold pieces
  8997 | D:7      | Bought a scroll of identify for 24 gold pieces
  8997 | D:7      | Bought a scroll of identify for 24 gold pieces
  9109 | D:7      | Got Sif Muna's Disquisition on Scorching Transformation
  9399 | D:7      | Reached skill level 8 in Long Blades
  9700 | D:8      | Gained mutation: You sometimes emit foul miasma when
                  | damaged in melee. [demonic ancestry]
  9700 | D:8      | Reached XP level 10. HP: 79/79 MP: 10/10
 10365 | D:8      | Noticed a two-headed ogre
 10371 | D:8      | Killed a two-headed ogre
 10372 | D:8      | Reached skill level 9 in Long Blades
 10900 | D:9      | Noticed Maggie
 10906 | D:9      | Noticed Maggie
 10906 | D:9      | Maggie changed into Maggie the dream sheep
 10909 | D:9      | Killed Maggie the dream sheep
 12257 | D:10     | Entered Level 10 of the Dungeon
 12257 | D:10     | Noticed a two-headed ogre
 12264 | D:10     | Killed a two-headed ogre
 12896 | D:10     | Found Dawunoh's Lightly-Used Armoury.
 12923 | D:10     | Bought a -3 demon blade for 1 gold piece
 12923 | D:10     | Bought -3 gold dragon scales for 910 gold pieces
 13119 | D:10     | Gained mutation: A meltable icy envelope protects you from
                  | harm. (AC +0) [demonic ancestry]
 13119 | D:10     | Reached XP level 11. HP: 83/89 MP: 11/11
 13238 | D:10     | Reached skill level 10 in Long Blades
 14175 | D:10     | Found a staircase to the Orcish Mines.
 14402 | D:10     | Noticed Grum
 14424 | D:10     | Killed Grum
 14837 | Orc:1    | Entered Level 1 of the Orcish Mines
 14839 | Orc:1    | Noticed an orc sorcerer
 14843 | Orc:1    | Paralysed by an orc sorcerer for 3 turns
 15077 | D:10     | Paralysed by an orc sorcerer for 3 turns
 15079 | D:10     | Killed an orc sorcerer
 15333 | Orc:2    | Entered Level 2 of the Orcish Mines
 15333 | Orc:2    | Found a burning altar of Makhleb.
 15343 | Orc:2    | Found a staircase to the Elven Halls.
 15669 | Orc:2    | Noticed an orc knight
 15821 | Orc:2    | Noticed an orc knight
 15829 | Orc:2    | Noticed an orc sorcerer
 15836 | Orc:2    | Killed an orc knight
 15844 | Orc:2    | Paralysed by an orc sorcerer for 2 turns
 16301 | Orc:1    | Killed an orc sorcerer
 16603 | Orc:1    | Killed an orc knight
 16604 | Orc:1    | Reached skill level 11 in Long Blades
 16791 | Orc:2    | HP: 6/136 [orc warrior (8)]
 16792 | Orc:2    | Slain by an orc warrior

Illustrated notes

Levels and vault maps discovered:
D:1:      dpeg_arrival_simpleton_c, layout_loops_ring, serial_park_tiny_1,
          minmay_misc_feat_room, nrook_campfire, grunt_decor_junction
D:2:      layout_basic, basic_altar, ebering_ecumenical_altar_ruins
D:3:      layout_basic, minmay_misc_feat_alley, kennysheep_crisscross
D:4:      layout_cave_pools, mainiacjoe_overflow_catwalk, marbit_many_paths
D:5:      layout_basic, mainiacjoe_overflow_cross_hatched,
          mainiacjoe_overflow_six_doors_small, amethyst_overflow_temple_binary,
          mainiacjoe_overflow_small_starburst, minmay_temple_entry_junction
D:6:      minmay_spotlight, layout_rooms
D:7:      layout_rooms, serial_shops, kennysheep_mini_moat,
          corexii_item_surrounded_by_moat
D:8:      layout_basic, special_room [special_room_orc]
D:9:      nicolae_cairo_tiling, layout_grid_maze, uniq_maggie
D:10:     layout_cross, zombieorc1_lemuel, st_stairs_6, minmay_shop_damaged,
          uniq_grum
Temple:   eino_wide_crystal_templ
Orc:1:    layout_caves, serial_shops, nicolae_shop_stone, mines2_lemuel
Orc:2:    kennysheep_orc_mage_school, layout_diamond_mine, bloody_makhleb

Skill      XL: |  1  2  3  4  5  6  7  8  9 10 11 |
---------------+----------------------------------+-----
Armour         | 3 4 5 6 7 8 |  8.6
Long Blades    | 2 3 4 5 6 8 9 11 | 11.1
Dodging        | 1 2 3 |  3.8
Shields        | 3 4 6 7 |  7.6
Fighting       | 4 5 6 7 8 |  8.5
Stealth        | 1 2 |  2.5
Evocations     | |  0.1

Action                   |  1- 3 |  4- 6 |  7- 9 | 10-12 || total
-------------------------+-------+-------+-------+-------++-------
Melee: Long sword        |   141 |   121 |   181 |       ||   443
       Scimitar          |       |       |   232 |   529 ||   761
Invok: Potion Petition   |       |       |       |     2 ||     2
Evoke: Wand              |       |       |       |     5 ||     5
  Use: Scroll            |     5 |     1 |     4 |    15 ||    25
       Potion            |     1 |     3 |     3 |     4 ||    11
 Stab: Distracted        |       |       |     5 |     5 ||    10
Armor: Scale mail        |    56 |    59 |   145 |       ||   260
       Plate armour      |       |       |    57 |   245 ||   302
       Skin              |       |       |       |     8 ||     8
Dodge: Dodged            |    54 |    72 |   278 |   201 ||   605
Block: Buckler           |    67 |    60 |   252 |   233 ||   612

Table legend: (Time is in decaauts)
 A = Elapsed time spent in this place.
 B = Non-inter-level travel time spent in this place.
 C = Inter-level travel time spent in this place.
 D = Time resting spent in this place.
 E = Time spent auto-exploring this place.
 F = Levels seen in this place.
 G = Mean time per level.
                   A        B        C        D        E       F      G
               +--------+--------+--------+--------+--------+-----+--------+
         Total |  16944 |  16550 |    394 |   1011 |  12506 |  13 | 1303.4 |
       Dungeon |  14989 |  14621 |    368 |   1011 |  11146 |  10 | 1498.9 |
        Temple |    388 |    376 |     12 |      0 |    333 |   1 |  388.0 |
  Orcish Mines |   1566 |   1552 |     14 |      0 |   1026 |   2 |  783.0 |
               +--------+--------+--------+--------+--------+-----+--------+

Top non-repeatable levels by time:
     D:9: 2635 daAuts
     D:5: 2148 daAuts
    D:10: 1747 daAuts
     D:1: 1671 daAuts
     D:7: 1570 daAuts
     D:3: 1490 daAuts
     D:4: 1251 daAuts
     D:8: 1241 daAuts
   Orc:1: 814 daAuts
   Orc:2: 752 daAuts
     D:6: 673 daAuts
     D:2: 560 daAuts
  Temple: 388 daAuts
